 Dungeon Sprint DCSS version 0.20.1-1-g8b1a95d (webtiles) character file.

104 potatolord6000 the Vexing (level 5, -1/43 HPs)
             Began as a Formicid Arcane Marksman on Sept 7, 2017.
             Was an Initiate of Sif Muna.
             Slain by a river rat (3 damage)
             ... in the Dungeon (Sprint VII: "The Pits").
             The game lasted 00:02:27 (191 turns).

potatolord6000 the Vexing (Formicid Arcane Marksman) Turns: 191, Time: 00:02:27

Health: -1/43      AC:  2    Str: 16    XL:     5   Next: 7%
Magic:  2/11       EV: 12    Int: 12    God:    Sif Muna [......]
Gold:   0          SH:  0    Dex: 11    Spells: 5/12 levels left

rFire    . . .     SeeInvis +   b - +2 dagger
rCold    . . .     Gourm    .   (no shield)
rNeg     . . .     Faith    .   l - +0 robe
rPois    .         Spirit   .   (helmet unavailable)
rElec    .         Reflect  .   (no cloak)
rCorr    .         Harm     .   (no gloves)
MR       .....                  (no boots)
Stlth    +.........             (no amulet)
Regen    0.2/turn               (no ring)
MPRegen  0.2/turn               (no ring)

@: no status effects
A: permanent stasis, dig shafts and tunnels, four strong arms, antennae 3
a: Dig, Renounce Religion


You were in the Dungeon.
You worshipped Sif Muna.
Sif Muna was noncommittal.
You were not hungry.

You visited 1 branch

Inventory:

Hand Weapons
 a - a +0 shortbow
 b - a +2 dagger (weapon)
Missiles
 d - 14 arrows
Armour
 l - a +0 robe (worn)
Scrolls
 k - a scroll of blinking
 n - 3 scrolls of remove curse
 o - 5 scrolls of amnesia
 p - a scroll of summoning
Potions
 g - a potion of heal wounds
 h - a potion of haste
 i - 4 potions of magic
 j - 3 potions of berserk rage
 m - 2 potions of invisibility
Books
 c - a book of Debilitation

   Spells                             Type                      Level
   a - Corona                         Hexes                        1
   b - Slow                           Hexes                        2
   c - Inner Flame                    Hexes/Fire                   3
   d - Portal Projectile              Hexes/Translocation          3
   e - Cause Fear                     Hexes                        4
   f - Leda's Liquefaction            Hexes/Earth                  4
Comestibles
 f - 8 bread rations
 q - 40 fruits
 r - 7 meat rations


   Skills:
 + Level 4.3 Fighting
 + Level 0.4 Short Blades
 + Level 3.6 Bows
 + Level 4.1 Armour
 - Level 1.7 Dodging
 + Level 4.0 Spellcasting
 + Level 6.0 Hexes


You had 5 spell levels left.
You knew the following spells:

 Your Spells              Type           Power        Failure   Level  Hunger
a - Corona                Hex            ###....      1%          1    #......
b - Portal Projectile     Hex/Tloc       #.....       19%         3    ###....
c - Inner Flame           Hex/Fire       #.......     19%         3    ###....


Dungeon Overview and Level Annotations

Branches:
Dungeon (1/1)

Altars:
Ashenzari
Cheibriados
Dithmenos
Elyvilon
Fedhas
Gozag
Hepliaklqana
Kikubaaqudgha
Makhleb
Nemelex Xobeh
Okawaru
Qazlal
Ru
Sif Muna
Trog
Uskayaw
Vehumet
Xom
Yredelemnul
Zin
The Shining One
Beogh
Jiyva
Lugonu


Innate Abilities, Weirdness & Mutations

You cannot be hasted, slowed, berserked, paralysed or teleported.
You can dig through walls and to a lower floor.
Your four strong arms can wield two-handed weapons with a shield.
You have a pair of large antennae on your head. (SInv)


Message History

Casting: Portal Projectile
Confirm with . or Enter, or press ? or * to list all spells.
Aiming: Corona
Press: ? - help, Shift-Dir - straight line, f/p - river rat
Aim: a river rat (severely wounded, chance to defeat MR: 62%)
The river rat is outlined in light.
The river rat bites you.
* * * LOW HITPOINT WARNING * * *
Unknown command.
You closely miss the river rat.
The river rat is severely wounded.
The river rat bites you.
* * * LOW HITPOINT WARNING * * *
Unknown command.
You hit the river rat.
The river rat is almost dead.
Unknown command.
You hit the river rat.
The river rat is almost dead.
The river rat bites you.
You die...

#__.____...###########++
##########'##...........
#.?(.')))'.##......#..#.
##########.##...........
#.....†.....'...........
#+#####†#####......#..#.
#.. #.# #...........
#...#.# ####'#####++
#(.(r@# #.......#
##+#### #.......# {
#.......# { { #...<...#
{ #.......# { {
#.......# #.......# {
######### {


You could see a river rat.

Vanquished Creatures
  A floating eye (D)
  A bat (D)
  3 jackals (D)
5 creatures vanquished.

Notes
Turn   | Place    | Note
-------+----------+-------------------------------------------
     0 | D        | potatolord6000 the Formicid Arcane Marksman began the quest for the Orb.
     0 | D        | Reached XP level 1. HP: 15/15 MP: 2/2
    11 | D        | Noticed a floating eye
    15 | D        | Killed a floating eye
    15 | D        | Reached skill level 5 in Hexes
    15 | D        | Reached XP level 2. HP: 25/25 MP: 2/7
    15 | D        | Reached XP level 3. HP: 30/30 MP: 2/8
    15 | D        | Reached XP level 4. HP: 37/37 MP: 2/10
    15 | D        | Reached XP level 5. HP: 42/42 MP: 2/11
    49 | D        | Found a bloodstained altar of Trog.
    49 | D        | Found a deep blue altar of Sif Muna.
    49 | D        | Found a viscous altar of Jiyva.
    49 | D        | Found a hazy altar of Hepliaklqana.
    49 | D        | Found an opulent altar of Gozag.
    50 | D        | Found a glowing golden altar of the Shining One.
    50 | D        | Found a glowing silver altar of Zin.
    50 | D        | Found a basalt altar of Yredelemnul.
    50 | D        | Found a shimmering altar of Xom.
    50 | D        | Found a sacrificial altar of Ru.
    50 | D        | Found a stormy altar of Qazlal.
    50 | D        | Found an iron altar of Okawaru.
    50 | D        | Found a sparkling altar of Nemelex Xobeh.
    50 | D        | Found a burning altar of Makhleb.
    50 | D        | Found a blossoming altar of Fedhas.
    50 | D        | Found a white marble altar of Elyvilon.
    50 | D        | Found a shadowy altar of Dithmenos.
    50 | D        | Found a snail-covered altar of Cheibriados.
    53 | D        | Found a corrupted altar of Lugonu.
    53 | D        | Found a radiant altar of Vehumet.
    53 | D        | Found a roughly hewn altar of Beogh.
    54 | D        | Found an ancient bone altar of Kikubaaqudgha.
    54 | D        | Found a hide-covered altar of Uskayaw.
    54 | D        | Found a shattered altar of Ashenzari.
    57 | D        | Became a worshipper of Sif Muna the Loreminder
    95 | D        | Learned a level 3 spell: Portal Projectile
    99 | D        | Learned a level 3 spell: Inner Flame
   103 | D        | Reached skill level 6 in Hexes
   189 | D        | HP: 2/43 [river rat (3)]
   191 | D        | Slain by a river rat

Skill      XL: |  1  2  3  4  5 |
---------------+----------------+-----
Fighting       | 4 |  4.3
Bows           | 3 |  3.6
Armour         | 4 |  4.1
Spellcasting   | 4 |  4.0
Hexes          | 5 6 |  6.0
Short Blades   | |  0.4
Dodging        | |  1.7

Action                   |  1- 3 |  4- 6 || total
-------------------------+-------+-------++-------
Melee: Dagger            |       |    13 ||    13
 Fire: Shortbow          |     4 |    12 ||    16
 Cast: Portal Projectile |       |     2 ||     2
       Corona            |       |     1 ||     1
       Inner Flame       |       |     1 ||     1
  Use: Potion            |       |     1 ||     1
Armor: Robe              |       |     4 ||     4
Dodge: Dodged            |       |    16 ||    16
